AoeStats
← CNZS_98T

Nomad

506452763Analyzed
4v4 RM · 18d ago on Sep 13, 2026· 34m 47s· 8 players
Game mode
Random Map
Map size
231×231
Population
200
Speed
Normal
Resources
Standard
Victory
Conquest
Starting age
Dark Age
Ending age
Imperial Age
RankedLock teamsTeams togetherTeam positionsShared explorationLock speedFull tech treeHidden civsTurbo modeCheats
Victory
Defeat
🇨🇳 Huns · China
1968
+11
🇳🇱 Jurchens · Netherlands
1960
+11
🇨🇳 Burgundians · China
1924
+13
🇮🇳 Wu · India
1898
+14
🇩🇴 Koreans · Dominican Republic
1872
-13
🇻🇳 Malians · Vietnam
1867
-13
🇻🇳 Franks · Vietnam
1855
-12
🇨🇳 Saracens · China
1827
-11
URU ALBO
4:39 Loom
13:01 Feudal Age
18:20 Castle Age
17:17 Double-Bit Axe
17:25 Fletching
21:11 Bodkin Arrow
23:12 Bow Saw
24:46 Medium Warships
24:27 Fishing Lines
35:00 Ballistics
Quàng Thượng
5:57 Loom
12:34 Feudal Age
13:32 Town Watch
16:31 Castle Age
16:18 Scale Mail Armor
16:06 Double-Bit Axe
16:17 Gold Mining
20:22 Chain Mail Armor
21:02 Horse Collar
22:25 Forging
32:21 Wheelbarrow
33:38 Iron Casting
爱人跟人走
4:32 Loom
14:15 Feudal Age
18:01 Castle Age
16:31 Fishing Lines
16:38 Double-Bit Axe
18:07 Scale Barding Armor
19:50 Chain Barding Armor
21:32 Bloodlines
saymynameBook
4:52 Loom
11:30 Feudal Age
12:54 Double-Bit Axe
15:16 Fishing Lines
22:15 Castle Age
20:26 Fletching
23:23 Medium Warships
23:10 Bodkin Arrow
23:25 Bow Saw
23:46 Medium Warships
30:28 Wheelbarrow
31:00 Pikeman
CNZS_98T
13:11 Feudal Age
14:21 Double-Bit Axe
15:00 Loom
18:58 Castle Age
20:11 Fletching
21:57 Bow Saw
22:01 Horse Collar
23:50 Husbandry
24:16 Bodkin Arrow
DK2
11:53 Loom
13:50 Feudal Age
18:01 Castle Age
17:39 Fletching
17:39 Double-Bit Axe
19:33 Fishing Lines
21:41 Gold Mining
28:17 Imperial Age
31:26 Bow Saw
32:23 Bodkin Arrow
35:48 Wheelbarrow
_LY_Yo
14:37 Feudal Age
14:10 Double-Bit Axe
15:55 Loom
18:29 Castle Age
18:00 Bow Saw
17:31 Horse Collar
18:43 Heavy Plow
18:38 Town Watch
19:54 Medium Warships
23:53 Scale Barding Armor
29:32 Wheelbarrow
29:13 Devotion
31:06 Forging
30:59 Husbandry
32:42 Chain Barding Armor
34:53 Gold Mining
_LY_lyx
8:47 Loom
11:18 Feudal Age
11:54 Double-Bit Axe
12:48 Fishing Lines
15:39 Wheelbarrow
20:23 Castle Age
18:34 Fletching
18:44 Gold Mining
21:24 Medium Warships
21:24 Bow Saw
21:42 Bodkin Arrow
21:44 Gillnets
23:38 Hand Cart
29:33 Gold Shaft Mining
35:19 Imperial Age
33:57 Caravan
Connection lost

Rejoining the realm…

Still unreachable

The connection could not be restored.

Session expired

The server has moved on; the page needs a fresh start.